 Dungeon Crawl Stone Soup version 0.18.1-48-g4cf74bf (webtiles) character file.

130 wamma the Covered (level 4, -3/40 HPs)
             Began as a Minotaur Fighter on Sept 13, 2016.
             Killed by divine providence
             ... invoked by an orc priest
              (12 damage)
             ... on level 4 of the Dungeon.
             The game lasted 00:12:29 (2470 turns).

wamma the Covered (Minotaur Fighter)                Turns: 2470, Time: 00:12:29

Health: -3/40      AC:  7    Str: 27    XL:     4   Next: 89%
Magic:  3/3        EV:  8    Int:  5    God:
Gold:   94         SH: 10    Dex:  9    Spells: 0 memorised, 3 levels left

rFire  . . .     SeeInvis .     a - +0 trident
rCold  . . .     Gourm    .     b - +0 scale mail
rNeg   . . .     Faith    .     c - +0 shield
rPois  .         Spirit   .     (helmet restricted)
rElec  .         Dismiss  .     (no cloak)
rCorr  .         Reflect  .     (no gloves)
SustAt .         Harm     .     (no boots)
MR     .....                    (no amulet)
Stlth  ..........               (no ring)
                                (no ring)

@: mighty, not resistant to hostile enchantments, extremely unstealthy
A: retaliatory headbutt, horns 2
a: no special abilities


You were on level 4 of the Dungeon.
You were not hungry.

You visited 1 branch of the dungeon, and saw 4 of its levels.

You collected 94 gold pieces.

Inventory:

Hand Weapons
 a - a +0 trident (weapon)
Armour
 b - a +0 scale mail (worn)
 c - a +0 shield (worn)
 u - a cursed +0 ring mail
Scrolls
 e - 2 scrolls of identify
 j - a scroll of fog {unknown}
 n - 2 scrolls of enchant armour {unknown}
 o - a scroll of enchant weapon {unknown}
 p - a scroll of fear {unknown}
 t - a scroll of teleportation {unknown}
Potions
 d - a potion of might
 g - a potion of resistance {unknown}
 i - a potion of curing
 k - a potion of beneficial mutation {unknown}
 l - a potion of berserk rage {unknown}
 s - a potion of cancellation {unknown}
Books
 h - a book of Dreams

   Spells                             Type                      Level
   a - Ensorcelled Hibernation        Hexes/Ice                    2
   b - Silence                        Hexes/Air                    5
   c - Darkness                       Hexes                        6
   d - Shadow Creatures               Summoning                    6
Comestibles
 f - 4 bread rations
 m - 4 meat rations
 q - a beef jerky
 r - 2 chunks of flesh


   Skills:
 + Level 4.3 Fighting
 + Level 3.0 Polearms
 + Level 5.0 Armour
 + Level 0.7 Dodging
 + Level 4.8 Shields


You had 3 spell levels left.
You didn't know any spells.

Dungeon Overview and Level Annotations

Branches:
Dungeon (4/15)
 Temple: D:4-7

Altars:
Nemelex Xobeh
Trog
Vehumet


Innate Abilities, Weirdness & Mutations

You reflexively headbutt those who attack you in melee.
You have a pair of horns on your head.


Message History

The orc priest closely misses you.
You feel very mighty all of a sudden.
Attack whom?
Press: ? - help, Dir - move target cursor, f - orc priest
Aim: an orc priest, wielding a morningstar and wearing a leather armour Something you can't see is in the way.
You barely miss something. You block something's attack.
Attack whom?
Press: ? - help, Dir - move target cursor, f/p - orc priest
Aim: an orc priest, wielding a morningstar and wearing a leather armour Something you can't see is in the way.
You completely miss something. You headbutt something!
Something hits you but does no damage.
The orc priest looks braver for a moment.
You hear some strange, mumbled words.
A puff of flame appears from out of thin air!
The puff of flame hits you!
* * * LOW HITPOINT WARNING * * *
The orc priest mumbles some strange prayers to Beogh against you.
Beogh smites you!
You die...

#.# ######.####
#.........# #.........#
#.........# #.....###### #
.######.....# #8###_##
.....)......##8...8...8##
.######..@..##.........###
......^..##.#>.........8#.
########.#####.....)...##.
#o#####8...8...8### #.o.#
##8###_# ###o# ## # #.#
#.# #.#


You could see an orc priest.

Vanquished Creatures
  6 adders
  A worm (D:3)
  4 dart slugs
  3 giant geckos
  An orc (D:3)
  2 giant cockroaches (D:3)
  8 goblins
  6 hobgoblins
  6 jackals (D:2)
  8 kobolds
  A quokka (D:3)
  A ball python (D:3)
  7 bats
  3 giant newts
  5 rats
62 creatures vanquished.

Notes
Turn   | Place    | Note
--------------------------------------------------------------
     0 | D:1      | wamma the Minotaur Fighter began the quest for the Orb.
     0 | D:1      | Reached XP level 1. HP: 19/19 MP: 0/0
   141 | D:1      | Reached XP level 2. HP: 19/27 MP: 1/1
   150 | D:1      | Reached skill level 4 in Armour
   704 | D:2      | Reached XP level 3. HP: 33/33 MP: 2/2
  1637 | D:3      | Reached XP level 4. HP: 40/40 MP: 3/3
  1748 | D:3      | Found a radiant altar of Vehumet.
  2343 | D:4      | Reached skill level 5 in Armour
  2384 | D:4      | Found a bloodstained altar of Trog.
  2386 | D:4      | Found a sparkling altar of Nemelex Xobeh.
  2470 | D:4      | Killed from afar by an orc priest

Skill      XL: |  1  2  3  4 |
---------------+-------------+-----
Armour         | 4 5 |  5.0
Shields        | 4 |  4.8
Fighting       | 4 |  4.3
Polearms       | 3 |  3.0
Dodging        | |  0.7

Action                   |  1- 3 |  4- 6 || total
-------------------------+-------+-------++-------
Melee: Trident           |   103 |    59 ||   162
       Headbutt          |    12 |     8 ||    20
  Use: Scroll            |     2 |     1 ||     3
       Potion            |       |     1 ||     1
  Eat: Chunk             |     2 |     3 ||     5
Armor: Scale mail        |    51 |    24 ||    75
Dodge: Dodged            |    29 |    22 ||    51
Block: Shield            |    58 |    37 ||    95
